 Dungeon Crawl Stone Soup version 0.24.0-29-g8ce449bc06 (webtiles) character file.

Game seed: 12126383210673619629, levelgen mode: deterministic

1573 Curus the Cleaver (level 8, 0/64 HPs)
             Began as a Minotaur Fighter on Nov 14, 2019.
             Was a Follower of Makhleb.
             Slain by a killer bee (3 damage)
             ... on level 7 of the Dungeon.
             The game lasted 00:19:52 (5072 turns).

Curus the Cleaver (Minotaur Fighter)                Turns: 5072, Time: 00:19:53

Health: 0/64       AC: 12    Str: 27    XL:     8   Next: 59%
Magic:  7/7        EV:  9    Int:  7    God:    Makhleb [*.....]
Gold:   238        SH:  0    Dex:  9    Spells: 7/7 levels left

rFire    . . .     SeeInvis +   u - +0 battleaxe
rCold    . . .     Gourm    .   (shield currently unavailable)
rNeg     . . .     Faith    .   n - +0 chain mail
rPois    .         Spirit   .   (helmet restricted)
rElec    .         Reflect  .   m - +0 cloak
rCorr    .         Harm     .   l - +1 pair of gloves
MR       .....                  (no boots)
Stlth    ..........             (no amulet)
HPRegen  0.20/turn              o - ring of see invisible
MPRegen  0.10/turn              s - +1 ring of evasion

@: mighty, lethally poisoned (0 -> -3)
A: retaliatory headbutt, horns 2
a: Renounce Religion


You were on level 7 of the Dungeon.
You worshipped Makhleb.
Makhleb was aware of your devotion.
You were not hungry.

You visited 2 branches of the dungeon, and saw 8 of its levels.

You collected 238 gold pieces.

Inventory:

Hand Weapons
 a - a +1 war axe
 q - a -1 battleaxe
 u - a +0 battleaxe (weapon)
Armour
 b - a +0 scale mail
 c - a +1 shield
 l - a +1 pair of gloves (worn)
 m - a +0 cloak (worn)
 n - a +0 chain mail (worn)
Jewellery
 h - an uncursed ring of flight
 k - a +5 ring of dexterity
 o - a ring of see invisible (left hand)
 s - a +1 ring of evasion (right hand)
Wands
 i - a wand of random effects (22)
Scrolls
 e - 6 scrolls of remove curse
 g - a scroll of teleportation
 j - 2 scrolls of immolation
 r - 4 scrolls of identify
Potions
 p - a potion of magic
Comestibles
 f - 11 rations


   Skills:
 - Level 3.6 Fighting
 + Level 12.7 Axes
 - Level 3.6 Armour
 - Level 3.6 Shields


You had 7 spell levels left.
You didn't know any spells.
Your spell library contained the following spells:

 Spells                   Type           Power        Failure   Level  Hunger
 Beastly Appendage        Tmut           #.....       95%         1    ##.....
 Sticks to Snakes         Tmut           #.......     99%         2    ###....
 Spider Form              Tmut/Pois      #.........   100%        3    ####...
 Ice Form                 Ice/Tmut       #.......     100%        4    #####..
 Blade Hands              Tmut           #.........   100%        5    ######.


Dungeon Overview and Level Annotations

Branches:
Dungeon (6/15)             Temple (1/1) D:5

Altars:
Ashenzari
Dithmenos
Elyvilon
Fedhas
Makhleb
Trog
Uskayaw
Vehumet
Zin

Shops:
D:4 :


Innate Abilities, Weirdness & Mutations

You reflexively headbutt those who attack you in melee.
You have a pair of horns on your head.


Message History

* * * LOW HITPOINT WARNING * * *
The killer bee stings you but does no damage. x4
You closely miss the killer bee. x2; You miss the killer bee.
The killer bee barely misses you. The killer bee stings you.
* * * LOW HITPOINT WARNING * * *
You are poisoned.
The killer bee poisons you!
The killer bee stings you but does no damage.
The killer bee closely misses you. x2; The killer bee stings you.
* * * LOW HITPOINT WARNING * * *
Okay, then.
Unknown command.
You barely miss the killer bee. Your headbutt misses the killer bee.
You hit the killer bee. You barely miss the killer bee.
* * * LOW HITPOINT WARNING * * *
You feel sick.
The killer bee stings you but does no damage.
The killer bee closely misses you. The killer bee barely misses you.
The killer bee stings you.
You die...

#...# <...#
#### ...# ...
..(# #.###..# #
##.##.†.#
#.##...#..#
#......yyy#
###.##...#@##
....#.#.#..#
#.........#
##.#.#.#.##
#.##..)##
#.###)## #.#
#(#
#########.###.#
..............#


You could see 3 killer bees.

Vanquished Creatures
  Grinder (D:4)
  Menkaure (D:5)
  A sky beast (D:3)
  An ogre (D:5)
  A centaur (D:7)
  2 killer bees (D:7)
  5 wights (D:5)
  A howler monkey (D:5)
  2 crimson imps (D:5)
  2 jellies (D:5)
  A centaur zombie (D:6)
  A hound (D:5)
  3 orc wizards
  An orc priest (D:5)
  2 iguanas (D:5)
  Jessica (D:2)
  2 worker ants
  Natasha (twice) (D:2)
  Terence (D:2)
  3 adders
  2 river rats (D:3)
  3 oozes
  3 worms
  3 dart slugs
  2 leopard geckos
  12 orcs
  8 bats
  5 giant cockroaches
  11 goblins
  8 hobgoblins
  7 kobolds
  2 quokkas
  2 ball pythons
  A ball python skeleton (D:5)
  6 frilled lizards
  2 leopard gecko zombies (D:5)
  18 rats
129 creatures vanquished.

Notes
Turn   | Place    | Note
-------+----------+-------------------------------------------
     0 | D:1      | Curus the Minotaur Fighter began the quest for the Orb.
     0 | D:1      | Reached XP level 1. HP: 19/19 MP: 0/0
    46 | D:1      | Reached skill level 3 in Axes
    68 | D:1      | Reached XP level 2. HP: 19/26 MP: 1/1
   228 | D:1      | Reached skill level 4 in Axes
   430 | D:1      | Reached XP level 3. HP: 30/31 MP: 2/2
   668 | D:2      | Noticed Terence
   684 | D:2      | Killed Terence
   684 | D:2      | Reached skill level 5 in Axes
  1088 | D:2      | Found a blossoming altar of Fedhas.
  1149 | D:2      | Noticed Natasha
  1152 | D:2      | Killed Natasha
  1152 | D:2      | Reached XP level 4. HP: 39/39 MP: 3/3
  1490 | D:2      | Noticed Jessica
  1494 | D:2      | Killed Jessica
  1494 | D:2      | Reached skill level 6 in Axes
  1635 | D:2      | Noticed Natasha
  1643 | D:2      | Killed Natasha
  1643 | D:2      | Reached XP level 5. HP: 27/45 MP: 4/4
  1683 | D:3      | Noticed a sky beast
  1950 | D:3      | Reached skill level 7 in Axes
  1990 | D:3      | Killed a sky beast
  1990 | D:3      | Reached XP level 6. HP: 16/51 MP: 5/5
  2247 | D:3      | Reached skill level 8 in Axes
  2870 | D:4      | Found Ehykhini's Book Emporium.
  2874 | D:4      | Noticed Grinder
  2886 | D:4      | Killed Grinder
  2886 | D:4      | Reached skill level 9 in Axes
  2886 | D:4      | Reached XP level 7. HP: 29/57 MP: 6/6
  2897 | D:4      | Noticed a +0 hand axe
  2897 | D:4      | Noticed a -1 dagger
  2902 | D:4      | Found a hide-covered altar of Uskayaw.
  3442 | D:5      | Entered Level 5 of the Dungeon
  3482 | D:5      | Found a staircase to the Ecumenical Temple.
  3504 | Temple   | Entered the Ecumenical Temple
  3517 | Temple   | Became a worshipper of Makhleb the Destroyer
  3567 | D:5      | Reached skill level 10 in Axes
  4070 | D:5      | Reached skill level 11 in Axes
  4075 | D:5      | Found a bloodstained altar of Trog.
  4113 | D:5      | Reached XP level 8. HP: 61/64 MP: 7/7
  4285 | D:5      | Reached * piety under Makhleb
  4303 | D:5      | Found a shattered altar of Ashenzari.
  4312 | D:5      | Found a radiant altar of Vehumet.
  4341 | D:5      | Noticed Menkaure
  4349 | D:5      | Killed Menkaure
  4430 | D:5      | Reached skill level 12 in Axes
  5001 | D:6      | You fall into a shaft and drop 1 floor!
  5072 | D:7      | HP: 3/64 [poisoned by a killer bee]
  5072 | D:7      | Slain by a killer bee

Levels and vault maps discovered:
D:1:      shiori_shiawase, layout_loops_ring
D:2:      layout_basic, fedhas_altar_3, uniq_jessica, uniq_natasha, uniq_terence
D:3:      layout_loops_ring, portal_sewer_entry_e, first_ration,
          kennysheep_generic_room_10
D:4:      layout_loops_cross, dancing_weapons_uskayaw, serial_shops,
          nicolae_shop_statue_plus, uniq_grinder
D:5:      layout_gridville, amethyst_overflow_temple_binary,
          minmay_temple_entry_water_ring, trog_hazing_becter, uniq_menkaure
D:6:      layout_rooms, chequers_decorated_corner
D:7:      layout_loops_ring, uniq_harold
Temple:   regret_index_temple_sphere_string

Skill      XL: |  1  2  3  4  5  6  7  8 |
---------------+-------------------------+-----
Axes           | 3 4 5 6 7 9 11 12 | 12.7
Fighting       | |  3.6
Armour         | |  3.6
Shields        | |  3.6

Action                   |  1- 3 |  4- 6 |  7- 9 || total
-------------------------+-------+-------+-------++-------
Melee: War axe           |    86 |   133 |    25 ||   244
       Headbutt          |     8 |    12 |    17 ||    37
       Battleaxe         |       |       |   113 ||   113
  Use: Potion            |     2 |     2 |     3 ||     7
       Scroll            |     2 |     4 |     3 ||     9
  Eat: Chunk             |     1 |     5 |     2 ||     8
       Ration            |       |       |     2 ||     2
Armor: Scale mail        |    21 |    27 |       ||    48
       Chain mail        |       |    16 |    88 ||   104
Dodge: Dodged            |    26 |    22 |    64 ||   112
Block: Shield            |    35 |    49 |     7 ||    91
